 Dungeon Crawl Stone Soup version 0.21.1-1-g345015fe64 (webtiles) character file.

41 Revguard the Grave Robber (level 3, -1/24 HPs)
             Began as a Demonspawn Necromancer on June 5, 2018.
             Slain by an adder (2 damage)
             ... on level 2 of the Dungeon.
             The game lasted 00:10:18 (1582 turns).

Revguard the Grave Robber (Demonspawn Necromancer)  Turns: 1582, Time: 00:10:18

Health: -1/24      AC:  2    Str:  8    XL:     3   Next: 32%
Magic:  4/6        EV: 12    Int: 17    God:
Gold:   40         SH:  0    Dex: 15    Spells: 4/6 levels left

rFire    . . .     SeeInvis +   d - +0 spear
rCold    . . .     Gourm    .   (no shield)
rNeg     . . .     Faith    .   a - +0 robe
rPois    .         Spirit   .   (helmet restricted)
rElec    .         Reflect  .   (no cloak)
rCorr    .         Harm     .   (no gloves)
MR       .....                  (no boots)
Stlth    ++........             (no amulet)
HPRegen  0.08/turn              f - ring of see invisible
MPRegen  0.10/turn              (no ring)

@: lethally poisoned (-1 -> -5)
A: horns 1, thin skeletal structure 1
a: no special abilities


You were on level 2 of the Dungeon.
You were not hungry.

You visited 1 branch of the dungeon, and saw 2 of its levels.

You collected 40 gold pieces.

Inventory:

Hand Weapons
 d - a +0 spear (weapon)
Armour
 a - a +0 robe (worn)
Jewellery
 f - a ring of see invisible (left hand)
Scrolls
 e - 3 scrolls of identify
 g - a scroll of enchant weapon
Books
 b - a book of Necromancy

   Spells                             Type                      Level
   a - Pain                           Necromancy                   1
   b - Animate Skeleton               Necromancy                   1
   c - Vampiric Draining              Necromancy                   3
   d - Regeneration                   Charms/Necromancy            3
   e - Animate Dead                   Necromancy                   4
   f - Borgnjor's Vile Clutch         Necromancy/Earth             5
Comestibles
 c - 4 rations
 h - 5 chunks of flesh


   Skills:
 + Level 0.3 Fighting
 * Level 1.3 Polearms
 + Level 1.9 Dodging
 + Level 1.8 Stealth
 + Level 2.3 Spellcasting
 + Level 4.8 Necromancy


You had 4 spell levels left.
You knew the following spells:

 Your Spells              Type           Power        Failure   Level  Hunger
a - Pain                  Necr           ###.         2%          1    #......
b - Animate Skeleton      Necr           N/A          2%          1    #......


Dungeon Overview and Level Annotations

Branches:
Dungeon (2/15)

Altars:
Hepliaklqana


Innate Abilities, Weirdness & Mutations

You have a pair of small horns on your head.
You have a somewhat thin skeletal structure. (Dex +2, Stealth)


Message History

You hit the adder.
The adder is lightly wounded.
The adder bites you.
* * * LOW HITPOINT WARNING * * *
Casting: Animate Skeleton
Confirm with . or Enter, or press ? or * to list all spells.
Aiming: Pain
Press: ? - help, Shift-Dir - straight line, f - adder
Aim: an adder (lightly wounded, chance to defeat MR: 84%)
The adder writhes in agony!
The adder bites you.
* * * LOW HITPOINT WARNING * * *
Casting: Pain
Confirm with . or Enter, or press ? or * to list all spells.
Aiming: Pain
Press: ? - help, Shift-Dir - straight line, f/p - adder
Aim: an adder (heavily wounded, chance to defeat MR: 84%)
The adder barely resists.
* * * LOW HITPOINT WARNING * * *
You feel sick. The adder bites you.
You die...

#....# ##.#.##
#.#.#. #.#%#.
#.#)#.##
#.#.#..#
#.#.##.###
#.#...S.$#
#.#..#@#.....
########.#....#
##.
.............##
#######.......#
..............#
.........<...#
...#.........#
.# #.........#
#.........#


You could see an adder.

Vanquished Creatures
  An adder (D:2)
  3 dart slugs
  4 giant cockroaches
  2 goblins
  2 hobgoblins
  3 bats
  3 frilled lizards
  2 kobolds (D:1)
  2 rats (D:1)
22 creatures vanquished.

Vanquished Creatures (collateral kills)
  A leopard gecko (D:1)
  A goblin (D:1)
  A kobold (D:2)
  A bat (D:1)
  A rat (D:1)
5 creatures vanquished.

Grand Total: 27 creatures vanquished

Notes
Turn   | Place    | Note
-------+----------+-------------------------------------------
     0 | D:1      | Revguard the Demonspawn Necromancer began the quest for the Orb.
     0 | D:1      | Reached XP level 1. HP: 13/13 MP: 3/3
     6 | D:1      | Learned a level 1 spell: Animate Skeleton
   445 | D:1      | Gained mutation: You have a somewhat thin skeletal structure. (Dex +2, Stealth) [demonic ancestry]
   445 | D:1      | Reached XP level 2. HP: 11/19 MP: 5/5
  1343 | D:2      | Found a hazy altar of Hepliaklqana.
  1360 | D:2      | Reached skill level 1 in Polearms
  1360 | D:2      | Gained mutation: You have a pair of small horns on your head. [demonic ancestry]
  1360 | D:2      | Reached XP level 3. HP: 13/24 MP: 3/6
  1582 | D:2      | HP: 1/24 [poisoned by an adder]
  1582 | D:2      | Slain by an adder

Skill      XL: |  1  2 |
---------------+-------+-----
Polearms       | 1 |  1.3
Fighting       | |  0.3
Dodging        | |  1.9
Stealth        | |  1.8
Spellcasting   | |  2.3
Necromancy     | |  4.8

Action                   || total
-------------------------++-------
Melee: Spear             ||    63
       Headbutt          ||     1
 Cast: Pain              ||    23
       Animate Skeleton  ||     6
  Use: Scroll            ||     1
       Potion            ||     1
 Stab: Sleeping          ||     3
  Eat: Chunk             ||     2
Armor: Robe              ||    17
Dodge: Dodged            ||    41
